 Dungeon Crawl Stone Soup version 0.24-a0-57-gac335f2 (webtiles) character file.

Game seed: 10871207135114745703

541 galech the Chopper (level 7, 0/53 HPs)
             Began as a Demonspawn Fighter on Feb 4, 2019.
             Slain by an orc
             ... wielding a +0 dagger
              (4 damage)
             ... on level 5 of the Dungeon.
             The game lasted 00:05:26 (4688 turns).

galech the Chopper (Demonspawn Fighter)             Turns: 4688, Time: 00:05:26

Health: 0/53       AC: 11    Str: 17    XL:     7   Next: 5%
Magic:  7/7        EV:  5    Int:  9    God:
Gold:   135        SH:  9    Dex: 14    Spells: 6/6 levels left

rFire    . . .     SeeInvis .   a - +0 war axe
rCold    . . .     Gourm    .   c - +0 shield
rNeg     . . .     Faith    .   r - +0 chain mail
rPois    .         Spirit   .   (no helmet)
rElec    .         Reflect  .   (no cloak)
rCorr    .         Harm     .   (no gloves)
MR       .....                  (no boots)
Stlth    ..........             (no amulet)
HPRegen  0.17/turn              t - ring of attention (curse)
MPRegen  0.10/turn              (no ring)

@: no status effects
A: claws 1, molten scales 1, demonic guardian 1, rot immunity
a: no special abilities


You were on level 5 of the Dungeon.
You were hungry.

You visited 1 branch of the dungeon, and saw 5 of its levels.

You collected 135 gold pieces.

Inventory:

Hand Weapons
 a - a +0 war axe (weapon)
Armour
 c - a +0 shield (worn)
 r - a +0 chain mail (worn)
Jewellery
 t - a cursed ring of attention (left claw)
 u - a cursed ring of teleportation {unknown}
Scrolls
 b - a scroll of magic mapping {unknown}
 e - a scroll of immolation {unknown}
 j - 2 scrolls of fear {unknown}
 k - 3 scrolls of identify {unknown}
 l - a scroll of fog {unknown}
 n - 2 scrolls of remove curse {unknown}
 p - 2 scrolls of amnesia {unknown}
 q - a scroll of noise {unknown}
Potions
 d - a potion of curing {unknown}
 g - a potion of lignification {unknown}
 h - 2 potions of brilliance {unknown}
 i - a potion of haste
 m - a potion of magic {unknown}
 o - a potion of berserk rage {unknown}
 s - a potion of resistance
Comestibles
 f - 10 rations


   Skills:
 + Level 3.9 Fighting
 + Level 4.8 Axes
 + Level 3.8 Armour
 + Level 1.0 Dodging
 + Level 0.5 Stealth
 + Level 4.2 Shields


You had 6 spell levels left.
You didn't know any spells.
Your spell library was empty.

Dungeon Overview and Level Annotations

Branches:
Dungeon (5/15)
 Temple: D:4-7

Altars:

Shops:
D:4 *

Annotations:
D:3 3 runed translucent doors, Nr616's ghost, amateur MiGl; bli's ghost, amateur SpSk
D:5 Grinder


Innate Abilities, Weirdness & Mutations

You have sharp fingernails.
You are partially covered in molten scales. (AC +2)
A weak demonic guardian rushes to your aid.
You are immune to rotting.


Message History

You slash the orc!
You kill the orc!
Grinder gestures at you. Pain shoots through your body!
The orc hits you with a +0 dagger.
You barely miss Grinder.
Grinder is severely wounded.
You closely miss the orc. Grinder gestures at you.
Pain shoots through your body! The orc hits you but does no damage.
Grinder hits you!
* * * LOW HITPOINT WARNING * * *
You writhe in agony.
* * * LOW HITPOINT WARNING * * *
You block the orc's attack.
You are too injured to fight recklessly!
Unknown command.
You are too injured to fight recklessly!
Your shadow imp hits Grinder.
Grinder misses your shadow imp. The orc hits you with a +0 dagger.
You die...

....#...# #..#...#
#....#.# # #....#.#
.#.#....#.#############
......#[...............
.#......$.......###
......))o.........#
......55@....(..#.#
######5#######..#.# #.
#..#.# ## ###..#.#
..#..#.# ###.#..#.#
#<#.#..#.#
#.#.#..#.#####
#.#.#..#.....###


You could see Grinder, an orc and 2 friendly shadow imps.

Vanquished Creatures
  An ogre (D:3)
  A scorpion (D:4)
  A gnoll shaman (D:4)
  A centaur skeleton (D:4)
  Terence (D:3)
  A hound zombie (D:3)
  5 gnolls
  11 adders
  An ooze (D:2)
  3 worms
  2 dart slugs
  A leopard gecko (D:2)
  12 orcs
  3 ball pythons
  5 giant cockroaches
  4 goblins
  11 hobgoblins
  4 quokkas
  7 bats
  3 frilled lizards
  5 kobolds
  A quokka skeleton (D:3)
  A quokka zombie (D:5)
  4 rats
89 creatures vanquished.

Vanquished Creatures (collateral kills)
  A scorpion (D:4)
  An orc priest (D:5)
  A hound zombie (D:5)
  2 gnolls (D:4)
  An adder (D:4)
  A jackal zombie (D:3)
  A kobold (D:3)
8 creatures vanquished.

Grand Total: 97 creatures vanquished

Notes
Turn   | Place    | Note
-------+----------+-------------------------------------------
     0 | D:1      | galech the Demonspawn Fighter began the quest for the Orb.
     0 | D:1      | Reached XP level 1. HP: 18/18 MP: 1/1
   320 | D:1      | Gained mutation: A weak demonic guardian rushes to your
                  | aid. [demonic ancestry]
   320 | D:1      | Reached XP level 2. HP: 24/24 MP: 2/2
   699 | D:2      | Gained mutation: You have sharp fingernails. [demonic
                  | ancestry]
   699 | D:2      | Reached XP level 3. HP: 22/29 MP: 3/3
  1428 | D:3      | Reached XP level 4. HP: 13/35 MP: 4/4
  1655 | D:3      | Noticed an ogre
  1668 | D:3      | Killed an ogre
  1668 | D:3      | Gained mutation: You are immune to rotting. [demonic
                  | ancestry]
  1668 | D:3      | Reached XP level 5. HP: 27/41 MP: 5/5
  1774 | D:3      | Found a runed translucent gate.
  1774 | D:3      | Found a runed translucent gate.
  1775 | D:3      | Found a runed translucent gate.
  1777 | D:3      | Noticed bli's ghost (amateur SpSk)
  1777 | D:3      | Noticed Nr616's ghost (amateur MiGl)
  1859 | D:3      | Noticed Terence
  1883 | D:3      | Killed Terence
  2892 | D:3      | Gained mutation: You are partially covered in molten
                  | scales. (AC +2) [demonic ancestry]
  2892 | D:3      | Reached XP level 6. HP: 40/47 MP: 6/6
  4314 | D:4      | Found Weiraqam's General Store.
  4527 | D:4      | Reached skill level 1 in Dodging
  4568 | D:5      | Entered Level 5 of the Dungeon
  4665 | D:5      | Noticed Grinder
  4671 | D:5      | Reached XP level 7. HP: 53/53 MP: 7/7
  4672 | D:5      | Paralysed by Grinder for 7 turns
  4684 | D:5      | Paralysed by Grinder for 2 turns
  4688 | D:5      | Slain by an orc

Vault maps used:
D:1:      dpeg_arrival_arbitrary_c, st_stairs_9
D:3:      minmay_chambers_of_threes, gammafunk_ghost_cemetery, uniq_terence
D:4:      serial_shops, shop
D:5:      minmay_temple_entry_tees, first_ration, cheibriados_altar_1,
          uniq_grinder

Skill      XL: |  1  2  3  4  5  6 |
---------------+-------------------+-----
Shields        | 3 4 |  4.2
Axes           | 2 3 4 |  4.8
Armour         | 3 |  3.8
Dodging        | 1 |  1.0
Fighting       | |  3.9
Stealth        | |  0.5

Action                   |  1- 3 |  4- 6 |  7- 9 || total
-------------------------+-------+-------+-------++-------
Melee: War axe           |    93 |   232 |     8 ||   333
  Use: Potion            |       |     1 |       ||     1
  Eat: Chunk             |     1 |    11 |       ||    12
Armor: Scale mail        |    56 |    23 |       ||    79
       Chain mail        |       |   106 |    14 ||   120
Dodge: Dodged            |    25 |    50 |     5 ||    80
Block: Shield            |    46 |   140 |     6 ||   192

Table legend:
 A = Non-vault XP
 B = Vault XP
 C = Vault XP percentage of total XP
 D = Non-vault monster count
 E = Vault monster count
 F = Vault count percentage of total count
                 A         B        C        D         E       F
            +---------+---------+-------+---------+---------+-------
      Total |     683 |      91 |  11.8 |      82 |      15 |  15.5
            +---------+---------+-------+---------+---------+-------
        D:1 |      15 |       4 |  21.1 |      11 |       2 |  15.4
        D:2 |      68 |       0 |   0.0 |      14 |       0 |   0.0
        D:3 |     267 |      87 |  24.6 |      35 |      13 |  27.1
        D:4 |     287 |       0 |   0.0 |      16 |       0 |   0.0
        D:5 |      46 |       0 |   0.0 |       6 |       0 |   0.0
            +---------+---------+-------+---------+---------+-------
